 Dungeon Crawl Stone Soup version 0.31-a0-277-g31ea1f65cc (webtiles) character file.

Game seed: 2990032945902321809

7531 pokeman the Thaumaturge (level 10, -16/56 HPs)
             Began as a Deep Elf Hedge Wizard on July 15, 2023.
             Demolished by a +3 spectral giant club (20 damage)
             ... created by Erolcha
             ... on level 10 of the Dungeon.
             The game lasted 00:28:59 (13603 turns).

pokeman the Thaumaturge (Deep Elf Hedge Wizard)    Turns: 13603, Time: 00:29:00

Health: -16/56     AC:  6    Str:  7    XL:     10   Next: 96%
Magic:  8/29       EV: 13    Int: 24    God:
Gold:   740        SH:  0    Dex: 14    Spells: 28/36 levels left

rFire   + . .        I - +2 hand axe (venom)
rCold   . . .        (no shield)
rNeg    . . .        J - +2 robe {Will+}
rPois   .            h - +0 helmet
rElec   .            D - scarf {shadows}
rCorr   +            (no gloves)
SInv    .            m - +0 pair of boots
Will    ++...        (no amulet)
Stlth   ++           c - ring of protection from fire
HPRegen 0.29/turn    k - ring of resist corrosion
MPRegen 0.21/turn

%: no passive effects
@: on blink cooldown
A: no striking features
a: no special abilities


You were on level 10 of the Dungeon.
You visited 2 branches of the dungeon, and saw 11 of its levels.
You also visited: Sewer and Ossuary.

You collected 740 gold pieces.

Inventory:

Hand Weapons
 a - a +1 whip of electrocution
 I - a +2 hand axe of venom (weapon)
Missiles
 w - 3 curare-tipped darts
Armour
 h - a +0 helmet (worn)
 m - a +0 pair of boots (worn)
 D - a scarf of shadows (worn)
 J - a +2 robe of willpower (worn)
 L - +0 steam dragon scales
Magical Staves
 p - a staff of cold
Jewellery
 c - a ring of protection from fire (left hand)
 k - a ring of resist corrosion (right hand)
Wands
 C - a wand of flame (21)
 F - a wand of acid (2)
Scrolls
 b - a scroll of blinking {unknown}
 e - a scroll of immolation {unknown}
 g - 7 scrolls of identify {unknown}
 i - a scroll of revelation {unknown}
 n - 2 scrolls of poison {unknown}
 o - 4 scrolls of fear {unknown}
 r - 2 scrolls of teleportation {unknown}
 s - 5 scrolls of vulnerability {unknown}
 v - 3 scrolls of summoning {unknown}
 y - a scroll of torment {unknown}
 E - 2 scrolls of brand weapon {unknown}
 G - a scroll of enchant weapon {unknown}
 H - a scroll of amnesia {unknown}
Potions
 d - a potion of magic
 f - 10 potions of curing {unknown}
 j - a potion of attraction {unknown}
 l - 12 potions of heal wounds {unknown}
 q - 3 potions of might {unknown}
 t - 2 potions of degeneration {unknown}
 u - a potion of resistance {unknown}
 x - 3 potions of brilliance {unknown}
 z - 2 potions of mutation {unknown}
 A - a potion of invisibility {unknown}
 B - 2 potions of haste {unknown}
 K - a potion of ambrosia {unknown}


   Skills:
 - Level 4.1 Fighting
 + Level 3.9 Armour
 - Level 3.1 Dodging
 - Level 3.2 Stealth
 * Level 13.9 Spellcasting
 + Level 9.3 Conjurations
 - Level 1.1 Summonings
 - Level 1.1 Translocations
 + Level 7.4 Ice Magic
 - Level 1.0 Air Magic
 - Level 1.0 Poison Magic
 - Level 1.0 Evocations


You had 28 spell levels left.
You knew the following spells:

 Your Spells              Type           Power      Damage    Failure   Level
a - Magic Dart            Conj           100%       1d8       1%          1
b - Mephitic Cloud        Conj/Pois/Air  34%        N/A       2%          3
c - Call Imp              Summ           44%        N/A       3%          2
d - Blink                 Tloc           44%        N/A       3%          2

Your spell library contained the following spells:

 Spells                   Type           Power      Damage    Failure   Level
 Apportation              Tloc           44%        N/A       2%          1
 Summon Small Mammal      Summ           88%        N/A       2%          1
 Necrotise                Necr           64%        1d7       3%          1
 Slow                     Hex            64%        N/A       3%          1
 Cigotuvi's Dreadful Rot  Necr/Pois/Air  38%        N/A       4%          2
 Tukima's Dance           Hex            16%        N/A       11%         3
 Passage of Golubria      Tloc           22%        N/A       22%         4
 Dispel Undead            Necr           16%        3d10      34%         4
 Summon Forest            Summ/Tloc      11%        N/A       52%         5
 Yara's Violent Unravell  Hex/Tmut       8%         3d5       69%         5
 Death Channel            Necr           8%         N/A       99%         6
 Eringya's Noxious Bog    Tmut/Pois      9%         4d6       99%         6
 Summon Hydra             Summ           11%        N/A       100%        7


Dungeon Overview and Level Annotations

Branches:
Dungeon (10/15)            Temple (1/1) D:6            Lair (0/5) D:9
  Sewer (visited)         Ossuary (visited)
    Orc: D:9-12

Altars:
Ashenzari
Cheibriados
Dithmenos
Elyvilon
Fedhas
Kikubaaqudgha
Nemelex Xobeh
Okawaru
Qazlal
Ru
Sif Muna
Trog
Uskayaw
Wu Jian
Xom
Yredelemnul
Zin
The Shining One

Annotations:
D:9 Gold behind grate
D:10 Erolcha


Message History

Unknown command.
Casting: Magic Dart (safe; 1% risk of failure)
Confirm with . or Enter, or press ? or * to list all spells.
Aiming: Magic Dart (safe; 1% risk of failure)
Press: ? - help, Shift-Dir - straight line, f/p - Erolcha
Aim: Erolcha, wielding a +3 spectral giant club and wearing a +0 robe (moderately wounded, confused, 100% to hit)
The magic dart hits Erolcha but does no damage.
Erolcha is moderately wounded.
Unknown command.
Casting: Magic Dart (safe; 1% risk of failure)
Confirm with . or Enter, or press ? or * to list all spells.
Aiming: Mephitic Cloud (dangerous; 2% risk of failure)
Press: ? - help, Shift-Dir - straight line, p - Erolcha The ball explodes into a vile cloud!
The stinking cloud engulfs Erolcha but does no damage.
Erolcha is moderately wounded.
You hear a bellow!
Unknown command.
Unknown command.
Casting: Mephitic Cloud (dangerous; 2% risk of failure)
Confirm with . or Enter, or press ? or * to list all spells.
Aiming: Magic Dart (safe; 1% risk of failure)
Press: ? - help, Shift-Dir - straight line, f - Erolcha
Aim: Erolcha, wielding a +3 spectral giant club and wearing a +0 robe (noxious fumes, moderately wounded, confused, 100% to hit)
The magic dart hits Erolcha but does no damage.
Erolcha is moderately wounded.
Erolcha is engulfed in noxious fumes.
Erolcha says, "I'm a little confused."
You catch the helpless Erolcha completely off-guard!
You hit Erolcha but do no damage.
Erolcha is poisoned.
Erolcha is moderately wounded.
Erolcha barely misses you. The +3 spectral giant club hits you!
* * * LOW HITPOINT WARNING * * *
Erolcha barely misses herself.
The +3 spectral giant club hits Erolcha!
A +3 spectral giant club comes into view.
Casting: Magic Dart (safe; 1% risk of failure)
Confirm with . or Enter, or press ? or * to list all spells.
You blink.
The +3 spectral giant club hits you!!
You die...

############
......@(...##### ......
..........§....# ......
.........>O....# ......
........°○○....# .††...
........○.°....# .†....
...............##†.Y...
...............'.†.....
...........######.#
...........#


You could see Erolcha (confused, very poisoned) and a +3 spectral giant club.

Vanquished Creatures
  2 two-headed ogres (D:9)
  A hornet (D:9)
  Sigmund (D:3)
  A wyvern (D:9)
  13 yaks
  A basilisk (D:9)
  2 steam dragons
  6 orc warriors
  An ice beast (D:6)
  A sky beast (D:7)
  2 black bears
  An ogre (D:4)
  3 kobold brigands
  4 bullfrogs
  A gnoll sergeant (D:9)
  2 scorpions
  A wyvern zombie (D:7)
  2 wights (D:8)
  5 killer bees (D:10)
  3 howler monkeys (D:8)
  7 hounds
  3 jellies
  6 orc priests
  3 iguanas
  Jessica (D:3)
  9 orc wizards
  8 mummies (Ossuary)
  A howler monkey zombie (D:7)
  4 gnolls
  12 adders
  6 river rats (Sewer)
  A shadow imp (D:6)
  2 white imps
  4 ufetubi (D:6)
  A worm (D:2)
  5 dart slugs
  41 orcs
  11 ball pythons
  2 bats
  3 endoplasms
  8 giant cockroaches
  A gnoll zombie (Ossuary)
  3 goblins
  9 hobgoblins
  7 jackals
  28 kobolds
  6 quokkas
  2 frilled lizards
  2 hobgoblin zombies (Ossuary)
  3 kobold zombies (Ossuary)
  2 orc zombies (Ossuary)
  26 rats
280 creatures vanquished.

Vanquished Creatures (collateral kills)
  A kobold brigand (Sewer)
  A wight (D:8)
  2 orcs (D:3)
4 creatures vanquished.

Vanquished Creatures (others)
  2 orcs (D:7)
2 creatures vanquished.

Grand Total: 286 creatures vanquished

Notes
Turn   | Place    | Note
-------+----------+-------------------------------------------
     0 | D:1      | pokeman the Deep Elf Hedge Wizard began the quest for the
                  | Orb.
     0 | D:1      | Reached XP level 1. HP: 10/10 MP: 7/7
   351 | D:1      | Reached XP level 2. HP: 11/15 MP: 4/9
  1087 | D:2      | Reached skill level 5 in Spellcasting
  1144 | D:2      | Reached XP level 3. HP: 17/20 MP: 4/11
  1148 | D:2      | Learned a level 3 spell: Mephitic Cloud
  1151 | D:2      | Learned a level 2 spell: Call Imp
  1154 | D:2      | Learned a level 2 spell: Blink
  1679 | D:2      | Reached skill level 1 in Armour
  2003 | D:2      | Reached skill level 1 in Fighting
  2460 | D:3      | Reached XP level 4. HP: 13/23 MP: 0/13
  2733 | D:3      | Found a faded altar of an unknown god.
  2796 | D:3      | Noticed Sigmund
  2826 | D:3      | Killed Sigmund
  2827 | D:3      | Reached XP level 5. HP: 27/29 MP: 1/15
  2971 | D:3      | Reached skill level 5 in Conjurations
  3151 | D:3      | Noticed a black bear
  3154 | D:3      | Noticed Jessica
  3157 | D:3      | Killed Jessica
  3158 | D:3      | Reached XP level 6. HP: 34/34 MP: 8/16
  3166 | D:3      | Reached skill level 6 in Spellcasting
  3715 | D:4      | Found a broken altar of Ashenzari.
  3766 | D:4      | Reached skill level 1 in Poison Magic
  3795 | D:4      | Reached skill level 1 in Ice Magic
  3795 | D:4      | Reached XP level 7. HP: 19/38 MP: 8/18
  3909 | D:4      | Reached skill level 1 in Evocations
  3928 | D:4      | Reached skill level 1 in Air Magic
  4124 | D:4      | Reached skill level 7 in Spellcasting
  4125 | D:4      | Found a sand-covered staircase.
  4134 | Ossuary  | Entered an ossuary
  5394 | D:5      | Entered Level 5 of the Dungeon
  5425 | D:5      | Found an iron altar of Okawaru.
  5426 | D:5      | Found a sacrificial altar of Ru.
  5457 | D:5      | Found an ornate altar of the Wu Jian Council.
  5499 | D:5      | Found a bloodstained altar of Trog.
  5722 | D:5      | Found a glowing drain.
  5726 | Sewer    | Entered a sewer
  5827 | Sewer    | Reached skill level 8 in Spellcasting
  5827 | Sewer    | Reached XP level 8. HP: 44/44 MP: 20/22
  7606 | D:6      | Found a staircase to the Ecumenical Temple.
  7615 | Temple   | Entered the Ecumenical Temple
  7975 | D:6      | Reached skill level 9 in Spellcasting
  9392 | D:7      | Reached skill level 10 in Spellcasting
  9392 | D:7      | Reached XP level 9. HP: 27/48 MP: 5/25
  9877 | D:7      | Found a shadowy altar of Dithmenos.
 10361 | D:7      | Found a basalt altar of Yredelemnul.
 10653 | D:8      | Found a white marble altar of Elyvilon.
 10977 | D:8      | Reached skill level 5 in Ice Magic
 10989 | D:8      | HP: 1/49 [orc warrior/+0 trident (12)]
 11002 | D:8      | Reached skill level 11 in Spellcasting
 12361 | D:9      | Reached skill level 12 in Spellcasting
 12361 | D:9      | Reached XP level 10. HP: 49/56 MP: 21/28
 12552 | D:9      | Found a staircase to the Lair.
 12705 | D:9      | Noticed a two-headed ogre
 12723 | D:9      | Killed a two-headed ogre
 12836 | D:9      | Found a glowing silver altar of Zin.
 12936 | D:9      | Reached skill level 13 in Spellcasting
 13334 | D:9      | Noticed a two-headed ogre
 13349 | D:9      | Killed a two-headed ogre
 13554 | D:10     | Entered Level 10 of the Dungeon
 13578 | D:10     | Noticed Erolcha
 13603 | D:10     | Demolished by a +3 spectral giant club

Illustrated notes

Levels and vault maps discovered:
D:1:      dpeg_arrival_connections, layout_loops_ring, st_stairs_1
D:2:      layout_basic, kennysheep_generic_room_15
D:3:      layout_basic, ebering_ecumenical_altar_ruins,
          minmay_misc_feat_encased, minmay_misc_feat_secret_circle,
          serial_bayou_pond_b, dk_noncrumbling_3,
          nicolae_concentric_dashed_squares_wild, uniq_jessica, uniq_sigmund
D:4:      layout_gridville, nicolae_ashenzari_panopticon,
          nicolae_ossuary_entry_ruins
D:5:      layout_basic, mainiacjoe_overflow_surrounded_room,
          nicolae_overflow_hidden_temple, amcnicky_altar_gilded,
          gup_sewer_entry_spiral, cheibrodos_gnoll_hut
D:6:      nicolae_cairo_tiling_very_big, layout_loops_corners,
          minmay_temple_entry_glass, corexii_leaking_fountain, st_stairs_6,
          minivault_24
D:7:      layout_rooms, general_overflow_altar, lemuel_zombie_altar_yredelemnul
D:8:      layout_loops_ring, overflow_temple_1_default
D:9:      layout_irregular_city, zin_treasury, david_lair_generic
D:10:     layout_basic, bloody_makhleb, nicolae_gozag_seed_capital,
          kennysheep_little_box, nicolae_hepliaklqana_hazy_memory, orc_0_dummy,
          uniq_urug, uniq_erolcha
Temple:   jpeg_temple_island

Skill      XL: |  1  2  3  4  5  6  7  8  9 10 |
---------------+-------------------------------+-----
Spellcasting   | 5 6 8 10 12 13 | 13.9
Armour         | 1 2 3 |  3.9
Fighting       | 1 2 3 4 |  4.1
Conjurations   | 2 4 5 6 7 8 9 |  9.3
Dodging        | 3 |  3.1
Stealth        | 3 |  3.2
Poison Magic   | 1 |  1.0
Ice Magic      | 1 2 4 5 7 |  7.4
Evocations     | 1 |  1.0
Air Magic      | 1 |  1.0
Summonings     | |  1.1
Translocations | |  1.1

Action                     |  1- 3 |  4- 6 |  7- 9 | 10-12 || total
---------------------------+-------+-------+-------+-------++-------
  Melee: Dagger            |    11 |    10 |       |       ||    21
         Short sword       |       |    35 |   115 |       ||   150
         Punch             |       |       |     6 |     4 ||    10
         Whip              |       |       |    56 |       ||    56
         Hand axe          |       |       |    62 |    77 ||   139
   Cast: Magic Dart        |   108 |    70 |   448 |    30 ||   656
         Call Imp          |     2 |       |    16 |     2 ||    20
         Blink             |     1 |       |     5 |     1 ||     7
         Mephitic Cloud    |       |    10 |    49 |    19 ||    78
   Stab: Sleeping          |     1 |       |     1 |       ||     2
         Confused          |       |     6 |    25 |    21 ||    52
 Armour: Robe              |     7 |     9 |    56 |    10 ||    82
  Dodge: Dodged            |    23 |    27 |   194 |    38 ||   282

Table legend: (Time is in decaauts)
 A = Elapsed time spent in this place.
 B = Non-inter-level travel time spent in this place.
 C = Inter-level travel time spent in this place.
 D = Time resting spent in this place.
 E = Time spent auto-exploring this place.
 F = Levels seen in this place.
 G = Mean time per level.
                   A        B        C        D        E       F      G
               +--------+--------+--------+--------+--------+-----+--------+
         Total |  13745 |  13232 |    513 |    743 |   9793 |  13 | 1057.3 |
       Dungeon |  11850 |  11342 |    508 |    649 |   8333 |  10 | 1185.0 |
        Temple |    250 |    245 |      5 |      0 |    234 |   1 |  250.0 |
         Sewer |    957 |    957 |      0 |      0 |    762 |   1 |  957.0 |
       Ossuary |    687 |    687 |      0 |     94 |    463 |   1 |  687.0 |
               +--------+--------+--------+--------+--------+-----+--------+

Top non-repeatable levels by time:
     D:6: 1593 daAuts
     D:8: 1529 daAuts
     D:9: 1509 daAuts
     D:2: 1451 daAuts
     D:3: 1185 daAuts
     D:7: 1177 daAuts
     D:5: 1158 daAuts
     D:4: 1155 daAuts
     D:1: 1036 daAuts
   Sewer: 957 daAuts
 Ossuary: 687 daAuts
  Temple: 250 daAuts
    D:10: 53 daAuts
